Map: Port Aleksander LE

Players

aLive - Winner!

  • Race: Terran Terran
  • Spawn Location: 5:00

RiSky

  • Race: Zerg Zerg
  • Spawn Location: 11:00

Event: IEM Season 13: Katowice (2019)

VOD

Have the link to the VOD?

Description

Time

  • Played on: Feb. 25, 2019, 11:19 a.m.
  • Length: 5:40

All games in this series

Show
View Real Time Build Order
Export as new Build Order

aLive Terran - Winner!

Build Orders: Liberator Opening 

Get SALT Encoding   

  12  0:00  SCV  
  13  0:12  SCV  
  14  0:17  Supply Depot  
  14  0:24  SCV  
  15  0:29  Refinery  
  15  0:39  SCV  
  16  0:45  Barracks  
  16  0:51  SCV  
  17  1:03  SCV  
  18  1:15  SCV  
  19  1:32  Reaper, Orbital Command  
  20  1:45  Command Center  
  20  1:57  Factory  
  20  2:00  SCV  
  21  2:06  Barracks Reactor  
  21  2:11  Refinery  
  21  2:12  SCV  
  22  2:19  Supply Depot  
  22  2:25  SCV  
  23  2:40  SCV  
  23  2:43  Starport  
  24  2:47  Hellion x2  
  28  2:52  SCV  
  29  2:59  Orbital Command  
  29  3:05  SCV  
  29  3:09  Liberator  
  29  3:11  Hellion  
  32  3:15  Hellion  
  32  3:19  SCV  
  38  3:30  SCV  
  38  3:31  SCV  
  38  3:33  Barracks Tech Lab  
  40  3:39  Supply Depot  
  40  3:44  SCV x2  
  42  3:50  Hellion x2  
  42  3:54  Liberator  
  46  4:01  SCV x2  
  46  4:13  SCV x2  
  51  4:22  Command Center  
  49  4:25  SCV x2  
  46  4:37  SCV x2  
  48  4:38  Barracks  
  48  4:40  Factory Tech Lab  
  48  4:41  Barracks  
  48  4:42  Supply Depot  
  48  4:44  Marine  
  49  4:49  SCV x2  
  49  4:52  Supply Depot  
  51  4:58  Starport Reactor  
  51  4:59  Engineering Bay  
  51  5:00  Engineering Bay  
  51  5:05  Marine  
  51  5:06  SCV x2  
  54  5:18  SCV x2  
  56  5:25  Refinery  
  56  5:26  Barracks, Refinery  
  56  5:27  Barracks  
Show
View Real Time Build Order
Export as new Build Order

RiSky Zerg 

Build Orders: Hatch First 

Get SALT Encoding   

  12  0:00  Drone  
  13  0:13  Overlord  
  13  0:17  Drone  
  14  0:31  Drone x2  
  16  0:49  Hatchery  
  15  0:52  Drone  
  15  0:56  Drone  
  17  0:59  Drone  
  18  1:10  Extractor  
  17  1:15  Spawning Pool  
  17  1:18  Drone  
  17  1:21  Drone  
  18  1:28  Drone  
  19  1:39  Drone  
  20  1:49  Overlord  
  20  2:01  Queen x2  
  20  2:02  Zergling x4  
  26  2:12  Drone  
  26  2:13  Drone  
  28  2:21  Metabolic Boost  
  28  2:24  Drone  
  28  2:28  Drone  
  30  2:33  Drone  
  30  2:34  Drone  
  32  2:41  Queen  
  34  2:47  Overlord  
  34  3:08  Hatchery  
  34  3:10  Drone  
  33  3:13  Overlord, Drone  
  34  3:20  Lair  
  34  3:23  Drone  
  34  3:25  Drone  
  36  3:28  Drone  
  36  3:30  Drone  
  36  3:32  Extractor, Drone  
  38  3:36  Drone  
  38  3:39  Drone  
  40  3:42  Drone  
  41  3:50  Drone x2  
  41  3:54  Drone  
  44  4:00  Zergling x2  
  44  4:01  Zergling x10  
  39  4:20  Drone  
  39  4:21  Drone x2  
  40  4:25  Spire  
  40  4:28  Drone x2  
  40  4:31  Drone x3  
  43  4:34  Extractor  
  43  4:35  Drone  
  43  4:40  Extractor, Drone  
  43  4:42  Drone  
  44  4:46  Drone  
  44  4:47  Drone  
  44  4:49  Drone  
  44  4:51  Drone  
  48  4:56  Drone  
  47  5:00  Drone  
  47  5:01  Drone  
  47  5:04  Drone x2  
  50  5:10  Drone x2  
  50  5:13  Drone  
  53  5:16  Drone  
  53  5:18  Zergling x2  
  55  5:22  Zergling x2  
  55  5:23  Drone  
  57  5:37  Spore Crawler  

Tags
 
Add a new tag
Caveats
  • Supply blocks, unpowered buildings, or Contaminate may cause inaccurate times.
  • Supply counts are checked every 10 seconds.